 Dungeon Crawl Stone Soup version 0.28-b1-25-g9875b3fc8c (webtiles) character file.

Game seed: 11493958712292002900

11180 MisterFreud the Cruncher (level 11, -1/102 HPs)
             Began as a Troll Berserker on Feb 1, 2022.
             Was a Priest of Trog.
             Slain by a vampire mosquito (6 damage)
             ... on level 9 of the Dungeon.
             The game lasted 00:16:58 (8577 turns).

MisterFreud the Cruncher (Troll Berserker)          Turns: 8577, Time: 00:16:58

Health: -1/102     AC:  4    Str: 27    XL:     11   Next: 45%
Magic:  10/10      EV: 11    Int:  5    God:    Trog [***...]
Gold:   377        SH:  0    Dex: 11    Spells: 10/10 levels left

rFire   . . .      SeeInvis .   q - +5 lajatang (venom)
rCold   . . .      Faith    .   (shield currently unavailable)
rNeg    . . .      Spirit   .   b - +0 animal skin
rPois   .          Reflect  .   (helmet restricted)
rElec   .          Harm     .   (no cloak)
rCorr   .          Rampage  .   (gloves unavailable)
Will    ++...                   (boots unavailable)
Stlth   +.........              (no amulet)
HPRegen 2.07/turn               (no ring)
MPRegen 0.12/turn               (no ring)

@: strong-willed, regenerating
A: large, unfitting armour, claws 3, regeneration 1, shaggy fur 1, tough skin 1
a: Renounce Religion, Berserk, Trog's Hand


You were on level 9 of the Dungeon.
You worshipped Trog.
Trog was most pleased with you.
You visited 1 branch of the dungeon, and saw 9 of its levels.
You also visited: Bailey.

You collected 465 gold pieces.
You spent 88 gold pieces at shops.

Inventory:

Hand Weapons
 a - a +0 mace
 q - a +5 lajatang of venom (weapon)
 r - a +0 flail of protection
 v - a +1 quarterstaff of electrocution
Missiles
 i - 15 poisoned darts
 o - 14 boomerangs (quivered)
 u - a curare-tipped dart
Armour
 b - a +0 animal skin (worn)
Jewellery
 j - a ring of positive energy
 m - a +6 ring of dexterity
 A - an amulet of the acrobat
Wands
 n - a wand of paralysis (16)
 t - a wand of mindburst (18)
 w - a wand of flame (8)
Scrolls
 c - 5 scrolls of teleportation
 d - 3 scrolls of holy word
 f - 2 scrolls of immolation
 g - 2 scrolls of vulnerability
 y - a scroll of fog
 z - a scroll of enchant weapon
Potions
 e - 4 potions of mutation
 h - 2 potions of cancellation
 k - 4 potions of degeneration
 l - a potion of magic
 p - 3 potions of curing
 s - 3 potions of heal wounds
 x - a potion of resistance {unknown}


   Skills:
 - Level 5.0 Fighting
 - Level 7.5(10.3) Maces & Flails
 + Level 10.1(11.0) Staves
 + Level 7.1 Throwing
 - Level 5.0 Dodging
 + Level 4.2 Evocations


You had 10 spell levels left.
You didn't know any spells.
Your spell library was empty.

Dungeon Overview and Level Annotations

Branches:
Dungeon (9/15)             Temple (0/1) D:5          Bailey (visited)
   Lair: D:8-11         Orc: D:9-12

Altars:
Cheibriados
Makhleb
Sif Muna
Vehumet
Xom
Zin

Shops:
D:3 !*:*   D:5 (

Annotations:
D:8 1 runed translucent door


Innate Abilities, Weirdness & Mutations

You are too large for most types of armour.
You have claws for hands.
Your natural rate of healing is unusually fast.
You are covered in fur. (AC +1)
You have tough skin. (AC +1)


Message History

* * * LOW HITPOINT WARNING * * *
The vampire mosquito draws strength from your injuries!
The orc closely misses you.
Unknown command.
Your skin crawls.
You feel strong-willed.
The vampire mosquito closely misses you.
The vampire mosquito bites you!
* * * LOW HITPOINT WARNING * * *
The vampire mosquito draws strength from your injuries!
The orc hits you from afar with a +0 trident.
* * * LOW HITPOINT WARNING * * *
Unknown command.
The vampire mosquito bites you but does no damage.
There is an open door here.
The vampire mosquito bites you!
* * * LOW HITPOINT WARNING * * *
The vampire mosquito draws strength from your injuries!
Aiming: Paralyse
Press: ? - help, Shift-Dir - straight line, f - vampire mosquito
Aim: a vampire mosquito (chance to affect: 59%)
The vampire mosquito resists with significant effort.
The vampire mosquito bites you but does no damage.
The orc barely misses you. The vampire mosquito bites you.
* * * LOW HITPOINT WARNING * * *
The vampire mosquito draws strength from your injuries!
The vampire mosquito bites you.
* * * LOW HITPOINT WARNING * * *
The vampire mosquito draws strength from your injuries!
The vampire mosquito barely misses you. The vampire mosquito bites you!
* * * LOW HITPOINT WARNING * * *
The vampire mosquito draws strength from your injuries!
The vampire mosquito misses you. The vampire mosquito bites you!
* * * LOW HITPOINT WARNING * * *
The vampire mosquito draws strength from your injuries!
The vampire mosquito bites you but does no damage.
The vampire mosquito bites you.
You die...

#.......# #.......#
#####+##### #.......#
#.........# #.......#
#.........# +....zh.#
#.........#
#.....o.######.........#
#.......#....'.........#
#......y#.####.........#
#......@#.# #.........#
#.......'.# #.........#
#.......### ####'######
####+#######+### #..†..#
#.......# #######'##
###.......### #####
#......... ..#..≈§§§.#..
#...######.........
..'..≈§≈..+.#
#.#.....##.........
..#..≈≈§§.#..
#.#.###.##.........


You could see a warg, a vampire mosquito, a wight and an orc.

Vanquished Creatures
  An orc warlord (Bailey)
  A two-headed ogre (D:8)
  Grinder (D:6)
  Prince Ribbit (D:5)
  Sigmund (D:6)
  A shadow (D:8)
  2 wyverns (D:7)
  5 yaks (D:9)
  Eustachio (D:6)
  3 vampire mosquitoes (D:9)
  A steam dragon (D:9)
  A water moccasin (D:6)
  A black bear (D:7)
  An ice beast (D:6)
  6 orc warriors
  A hornet zombie (D:8)
  2 ogres
  2 phantoms
  2 centaurs
  2 kobold brigands
  A scorpion (D:7)
  A water moccasin skeleton (D:6)
  4 killer bees
  6 wights
  4 howler monkeys
  A bullfrog zombie (D:6)
  3 centaur zombies
  A bullfrog skeleton (D:6)
  6 hounds
  4 orc priests
  An iron imp (D:6)
  Jessica (D:3)
  Natasha (D:3)
  Ijyb (D:3)
  Terence (D:3)
  4 iguanas
  3 orc wizards
  2 howler monkey zombies
  8 gnolls
  A howler monkey skeleton (D:7)
  4 adders
  A white imp (D:7)
  2 ufetubi
  A worm (D:3)
  A dart slug (D:2)
  20 orcs
  6 endoplasms
  4 giant cockroaches
  4 goblins
  10 hobgoblins
  A quokka (D:1)
  4 ball pythons
  6 bats
  A frilled lizard (D:1)
  28 kobolds
  7 rats
190 creatures vanquished.

Vanquished Creatures (others)
  An orc wizard (D:3)
  2 plants
3 creatures vanquished.

Grand Total: 193 creatures vanquished

Notes
Turn   | Place    | Note
-------+----------+-------------------------------------------
     0 | D:1      | MisterFreud the Troll Berserker began the quest for the
                  | Orb.
     0 | D:1      | Reached XP level 1. HP: 22/22 MP: 0/0
   139 | D:1      | Reached XP level 2. HP: 29/29 MP: 1/1
   603 | D:2      | Reached XP level 3. HP: 26/36 MP: 2/2
   608 | D:2      | Reached ** piety under Trog
   761 | D:2      | Found a faded altar of an unknown god.
  1070 | D:2      | Reached XP level 4. HP: 44/44 MP: 3/3
  1369 | D:3      | Noticed a phantom
  1395 | D:3      | Reached skill level 5 in Maces & Flails
  1401 | D:3      | Reached XP level 5. HP: 38/50 MP: 4/4
  1451 | D:3      | Killed a phantom
  1502 | D:3      | Found Cysiox's General Store.
  1813 | D:3      | Found Mateam's General Store.
  1905 | D:3      | Found Wuimetef's Book Emporium.
  1961 | D:3      | Noticed Ijyb
  1962 | D:3      | Paralysed by Ijyb for 7 turns
  1975 | D:3      | Killed Ijyb
  1976 | D:3      | Reached XP level 6. HP: 59/59 MP: 5/5
  2101 | D:3      | Noticed Natasha
  2105 | D:3      | Killed Natasha
  2317 | D:3      | Noticed Jessica
  2329 | D:3      | Killed Jessica
  2388 | D:3      | Noticed Terence
  2395 | D:3      | Killed Terence
  2478 | D:3      | Found Kegym's Distillery.
  3009 | D:4      | Reached skill level 1 in Throwing
  3090 | D:4      | Reached XP level 7. HP: 66/66 MP: 6/6
  3192 | D:4      | HP: 2/66 [orc (2)]
  3647 | D:5      | Entered Level 5 of the Dungeon
  3770 | D:5      | Found a radiant altar of Vehumet.
  3770 | D:5      | Found a shimmering blue altar of Sif Muna.
  3811 | D:5      | Found Obasm's Antique Weapon Boutique.
  3818 | D:5      | Bought a quarterstaff for 88 gold pieces
  4050 | D:5      | Found a burning altar of Makhleb.
  4050 | D:5      | Noticed a green death
  4118 | D:5      | Reached skill level 1 in Staves
  4153 | D:5      | Found a staircase to the Ecumenical Temple.
  4198 | D:5      | Noticed a smoke demon
  4198 | D:5      | Noticed a ynoxinul
  4609 | D:6      | Noticed Eustachio
  4640 | D:6      | Killed Eustachio
  4641 | D:6      | Reached skill level 2 in Staves
  4641 | D:6      | Reached XP level 8. HP: 73/74 MP: 7/7
  4738 | D:6      | Noticed Sigmund
  4841 | D:6      | Found a snail-covered altar of Cheibriados.
  4859 | D:6      | Noticed Grinder
  4864 | D:6      | Noticed Prince Ribbit
  4984 | D:5      | Killed Prince Ribbit
  4985 | D:5      | Reached skill level 3 in Staves
  5109 | D:6      | Reached skill level 4 in Staves
  5111 | D:6      | Paralysed by Grinder for 4 turns
  5150 | D:6      | Killed Grinder
  5151 | D:6      | Reached skill level 5 in Staves
  5328 | D:6      | Reached skill level 6 in Staves
  5385 | D:6      | Killed Sigmund
  5386 | D:6      | Reached XP level 9. HP: 80/80 MP: 8/8
  5425 | D:6      | Found a shimmering altar of Xom.
  5928 | D:7      | HP: 4/80 [wyvern (10)]
  5941 | D:7      | Reached skill level 7 in Staves
  6329 | D:7      | Found a flagged portal.
  6393 | D:7      | Reached skill level 8 in Staves
  6551 | Bailey   | Entered a bailey
  6561 | Bailey   | Noticed an orc warlord
  6681 | Bailey   | Found a runed translucent gate.
  6682 | Bailey   | Found a runed translucent gate.
  6683 | Bailey   | Found a runed translucent gate.
  6745 | Bailey   | Reached *** piety under Trog
  6983 | Bailey   | Killed an orc warlord
  6984 | Bailey   | Reached XP level 10. HP: 91/91 MP: 9/9
  7015 | Bailey   | Reached skill level 5 in Fighting
  7015 | Bailey   | Reached skill level 9 in Staves
  7015 | Bailey   | Reached skill level 5 in Dodging
  7015 | Bailey   | Reached XP level 11. HP: 102/102 MP: 10/10
  7451 | D:7      | Identified a scroll of acquirement
  7451 | D:7      | Acquired a +5 lajatang of venom
  7666 | D:8      | Noticed a two-headed ogre
  7676 | D:8      | Killed a two-headed ogre
  7872 | D:8      | Found a runed translucent door.
  7872 | D:8      | Found the +8 whip "Snakebite" {venom, curare, rPois}
  8260 | D:9      | Found a glowing silver altar of Zin.
  8350 | D:9      | Reached skill level 10 in Staves
  8538 | D:9      | Noticed a two-headed ogre
  8572 | D:9      | HP: 2/102 [vampire mosquito (9)]
  8577 | D:9      | Slain by a vampire mosquito

Illustrated notes

Levels and vault maps discovered:
D:1:      onia_arrival_pyramid, layout_rooms, amcnicky_mini_pool_small,
          minmay_tree_intersection
D:2:      layout_basic, serial_bayou, serial_bayou_pond_e, serial_bayou_pond_a,
          serial_bayou_lagoon_a, serial_bayou_shore_a,
          hellmonk_ecumenical_altar_blasted, minivault_27
D:3:      layout_basic, serial_shops, shop, nicolae_lakefront_shop, shop,
          nicolae_shop_waterfront, dk_noncrumbling_4, serial_bayou_pond_b,
          skrybe_limestone_x, hangedman_decor_push, uniq_terence, uniq_ijyb,
          uniq_natasha, uniq_jessica
D:4:      layout_cave_pods
D:5:      layout_basic, makhleb_altar_promises_db, minitemple,
          minmay_temple_entry_poolview, serial_shops, shop_statue,
          dk_noncrumbling_3, grunt_ministairs_9
D:6:      layout_layer_cave, mainiacjoe_overflow_six_doors_small, slow_altar_1,
          uniq_sigmund, uniq_prince_ribbit1, uniq_eustachio, uniq_grinder
D:7:      layout_cave_pods, enter_bailey_8
D:8:      gammafunk_indiana_jones, layout_gridville, chequers_avenue
D:9:      layout_roguey, mainiacjoe_overflow_surrounded_room,
          mainiacjoe_overflow_boulevard, marbit_many_paths, david_orc_3,
          kennysheep_generic_room_11, uniq_pikel

Skill      XL: |  1  2  3  4  5  6  7  8  9 10 11 |
---------------+----------------------------------+-----
Maces & Flails | 3 4 5 6 7 |  7.5
Throwing       | 1 4 6 7 |  7.1
Staves         | 2 6 8 9 10 | 10.1
Fighting       | 3 5 |  5.0
Dodging        | 3 5 |  5.0
Evocations     | 3 4 |  4.2

Action                   |  1- 3 |  4- 6 |  7- 9 | 10-12 || total
-------------------------+-------+-------+-------+-------++-------
Melee: Mace              |   107 |   169 |    61 |       ||   337
       Quarterstaff      |       |       |   327 |    19 ||   346
       Lajatang          |       |       |       |   104 ||   104
Throw: Dart              |       |       |     8 |       ||     8
       Boomerang         |       |       |     2 |     4 ||     6
Invok: Berserk           |     1 |     5 |    10 |       ||    16
       Trog's Hand       |       |       |    10 |     3 ||    13
Evoke: Wand              |       |       |     3 |     1 ||     4
  Use: Scroll            |       |       |    15 |     6 ||    21
       Potion            |       |       |     3 |     2 ||     5
Armor: Animal skin       |    25 |    44 |    94 |    31 ||   194
Dodge: Dodged            |    70 |    80 |   233 |    80 ||   463
